Map: Redshift LE

Players

ILIEKEGGPIE

  • Race: Terran Terran
  • League: Platinum
  • Spawn Location: 11:00

moon - Winner!

  • Race: Zerg Zerg
  • League: Platinum
  • Spawn Location: 7:00

VOD

Have the link to the VOD?

Description

Time

  • Played on: June 7, 2018, 12:02 p.m.
  • Length: 15:50
Show
View Real Time Build Order
Export as new Build Order

ILIEKEGGPIE Terran 

Build Orders: MMM Bio 

Get SALT Encoding   

  12  0:01  SCV  
  13  0:13  SCV  
  14  0:17  Supply Depot  
  14  0:25  SCV  
  15  0:39  SCV  
  15  0:41  Barracks  
  16  0:51  Refinery, SCV  
  17  1:03  SCV  
  18  1:24  Command Center  
  18  1:35  Orbital Command  
  18  1:49  Barracks Reactor  
  18  1:55  Bunker  
  18  2:03  Barracks, SCV  
  19  2:14  Supply Depot  
  19  2:15  SCV  
  20  2:26  Marine x2  
  20  2:27  SCV  
  23  2:32  Refinery  
  23  2:39  SCV  
  23  2:42  SCV  
  25  2:47  Marine x2  
  27  2:51  Barracks Tech Lab  
  27  2:54  Factory  
  27  2:58  SCV  
  28  3:03  Orbital Command  
  28  3:11  Stimpack  
  28  3:13  SCV  
  29  3:25  SCV  
  30  3:30  SCV  
  31  3:37  SCV  
  31  3:39  Factory Reactor  
  32  3:43  Marine, SCV  
  32  3:45  Marine  
  32  3:46  Marauder  
  37  3:49  SCV  
  37  3:55  SCV  
  39  4:02  SCV  
  40  4:07  SCV  
  41  4:10  Command Center  
  41  4:14  SCV  
  44  4:17  Marauder  
  44  4:22  Starport  
  44  4:29  SCV x2  
  46  4:36  Barracks  
  46  4:43  Factory Tech Lab  
  46  4:46  Supply Depot  
  46  4:47  Supply Depot  
  46  4:52  Marauder, Marine x2, SCV x2  
  52  5:02  Barracks  
  52  5:04  SCV  
  52  5:05  Medivac x2  
  57  5:09  Marine x2  
  57  5:13  Marine, SCV  
  57  5:14  Refinery  
  61  5:16  SCV  
  62  5:26  SCV  
  62  5:27  Refinery  
  64  5:33  Engineering Bay  
  64  5:34  Marauder, Marine x2  
  64  5:35  Engineering Bay  
  67  5:36  Combat Shields  
  67  5:38  Siege Tank  
  67  5:39  Barracks Reactor  
  70  5:52  Marine x2  
  70  5:55  Barracks Reactor  
  72  5:59  Armory  
  72  6:00  Marine  
  72  6:02  SCV  
  72  6:03  Orbital Command  
  74  6:10  Marine  
  77  6:18  Marauder  
  77  6:30  SCV  
  77  6:31  SCV x2  
  80  6:39  Marine  
  80  6:40  Marine x5  
  86  6:53  Siege Tank  
  89  6:58  SCV x2  
  89  7:00  SCV  
  92  7:04  Terran Infantry Weapons Level 1, Terran Infantry Armor Level 1  
  92  7:12  SCV  
  93  7:16  Supply Depot  
  93  7:19  Supply Depot x2  
  93  7:38  SCV x3  
  93  7:39  Supply Depot  
  93  7:43  Supply Depot  
  96  7:45  Marauder, Marine x4  
  96  7:46  Supply Depot  
  96  7:50  SCV  
  103  7:51  Marine x2  
  105  8:07  Marauder  
  105  8:10  Marine x3  
  105  8:11  Marine x3  
  103  8:28  Marauder, Medivac, Marine x3  
  103  8:29  Marine x3  
  115  8:36  SCV  
  115  8:37  Refinery x2, Barracks  
  115  8:38  SCV x2  
  115  8:41  Supply Depot  
  118  8:42  Supply Depot  
  118  8:45  Viking  
  118  8:49  Marauder  
  118  8:50  Starport  
  120  9:09  Sensor Tower  
  120  9:11  Marauder  
  120  9:13  SCV  
  120  9:14  SCV  
  120  9:15  Marine  
  120  9:16  Marine x4  
  129  9:17  Marine  
  129  9:25  Medivac  
  129  9:26  Medivac  
  129  9:28  Viking  
  135  9:32  Marauder  
  135  9:35  Barracks  
  135  9:36  Barracks  
  137  9:39  Siege Tank  
  140  9:47  SCV  
  140  9:48  SCV  
  140  9:50  Barracks Reactor  
  142  9:53  Marauder  
  142  9:55  Medivac  
  142  9:56  Medivac, Supply Depot  
  142  9:57  Terran Infantry Weapons Level 2, Terran Infantry Armor Level 2  
  148  10:03  Sensor Tower  
  148  10:11  Siege Tank  
  151  10:15  Marauder  
  151  10:19  Supply Depot  
  146  10:29  Command Center  
  137  10:40  Marine x3  
  137  10:41  Marine x4  
  137  10:42  Marine  
  120  10:43  Marauder, Supply Depot  
  120  10:44  Marine  
  120  10:47  Marine  
  122  10:55  Medivac x3  
  128  10:58  Marine x3  
  128  10:59  Marine x4  
  128  11:00  Marine  
  138  11:04  Marauder  
  138  11:06  Supply Depot  
  138  11:15  Marine  
  138  11:17  Barracks Reactor  
  140  11:23  Barracks Reactor  
  141  11:25  Marauder  
  141  11:28  Marine  
  141  11:29  Marine x3  
  147  11:47  Marauder  
  147  11:50  Marine x5  
  152  11:57  Barracks  
  152  11:58  Barracks, Marine  
  152  11:59  Barracks  
  153  12:04  Planetary Fortress  
  155  12:08  Marauder  
  123  12:30  Marauder  
  90  12:44  Marine x5  
  90  12:47  Marine x4  
  101  12:51  Marauder  
  101  13:07  Marine  
  101  13:08  Marine x2  
  101  13:10  Barracks Reactor x2  
  101  13:12  Marauder  
  98  13:17  Barracks Reactor  
  96  13:34  Marauder  
  94  13:36  Bunker  
  94  13:43  Marine x4, Bunker  
  98  13:48  Medivac  
  98  13:49  Medivac x2  
  98  13:55  Marauder  
  102  14:14  Marine, Bunker  
  102  14:15  Marine x2  
  102  14:16  Marauder  
  107  14:18  Medivac  
  107  14:22  Marine x2  
  107  14:23  Marine x4  
  107  14:38  Marauder  
  92  14:59  Marauder  
  32  15:21  Marauder  
Show
View Real Time Build Order
Export as new Build Order

moon Zerg - Winner!

Build Orders: Hatch First 

Get SALT Encoding   

  12  0:01  Drone  
  13  0:12  Overlord  
  13  0:19  Drone  
  14  0:32  Drone x2  
  16  0:36  Drone  
  17  0:52  Hatchery  
  16  1:01  Drone x2  
  18  1:15  Extractor  
  18  1:16  Spawning Pool  
  18  1:17  Drone  
  17  1:20  Drone  
  18  1:28  Drone  
  19  1:47  Overlord  
  19  1:59  Drone  
  20  2:03  Queen  
  20  2:04  Drone  
  20  2:05  Queen  
  20  2:07  Drone  
  26  2:20  Drone x2  
  26  2:22  Metabolic Boost  
  28  2:25  Drone  
  28  2:26  Drone  
  30  2:35  Drone  
  31  2:45  Drone x2  
  31  2:47  Drone  
  31  2:50  Hatchery  
  33  2:55  Drone  
  34  3:06  Zergling x4  
  34  3:10  Baneling Nest  
  35  3:14  Lair  
  35  3:15  Drone  
  35  3:17  Overlord x2  
  36  3:42  Zergling x2  
  36  3:43  Zergling x10  
  42  3:51  Evolution Chamber  
  42  3:53  Drone x2  
  42  3:54  Evolution Chamber  
  42  3:55  Drone, Extractor  
  42  4:00  Drone x2, Extractor  
  42  4:02  Extractor  
  42  4:09  Queen  
  44  4:11  Drone x3  
  47  4:53  Zergling x2  
  47  4:54  Zergling x18  
  57  5:01  Baneling Nest  
  57  5:03  Drone  
  57  5:10  Zerg Melee Weapons Level 1  
  57  5:11  Zerg Ground Armor Level 1  
  57  5:18  Zergling x2  
  57  5:20  Overlord x4  
  58  5:33  Centrifical Hooks  
  59  5:39  Spore Crawler  
  59  5:41  Drone x2  
  59  5:42  Drone  
  61  5:43  Drone  
  61  5:44  Drone x4  
  61  5:48  Drone x2  
  61  5:49  Drone  
  70  5:50  Drone x2  
  70  5:55  Zergling x2  
  70  5:56  Zergling x6  
  75  6:04  Drone x3  
  77  6:25  Zergling x2  
  77  6:26  Zergling x10  
  83  6:41  Baneling  
  83  6:42  Baneling x17  
  83  6:58  Infestation Pit  
  82  7:04  Overlord, Extractor  
  82  7:05  Overlord x4  
  82  7:06  Extractor  
  80  7:10  Zerg Melee Weapons Level 2  
  80  7:11  Zerg Ground Armor Level 2  
  80  7:21  Spire  
  79  7:33  Drone x3  
  79  7:34  Drone x2  
  79  7:35  Drone  
  79  7:36  Drone x3  
  79  7:37  Drone x2  
  87  8:28  Hive  
  87  8:32  Zergling x8  
  87  8:33  Zergling x22  
  102  8:45  Hatchery  
  101  8:49  Baneling x3  
  101  8:51  Zergling x2  
  101  8:54  Overlord x4  
  101  9:29  Zerg Flyer Armor Level 1  
  101  9:37  Hatchery  
  100  9:41  Ultralisk Cavern  
  99  10:01  Zerg Melee Weapons Level 3  
  99  10:02  Zerg Ground Armor Level 3, Corruptor  
  99  10:03  Corruptor x14  
  129  10:11  Overlord  
  129  10:21  Queen  
  111  10:39  Zergling x22  
  106  10:46  Zergling x4  
  108  11:01  Ultralisk  
  108  11:02  Ultralisk x3  
  132  11:04  Chitinous Plating  
  132  11:19  Extractor  
  132  11:21  Extractor  
  128  11:30  Ultralisk x2  
  140  11:43  Drone x3  
  140  11:44  Overlord x2  
  140  11:45  Overlord x2  
  143  11:49  Baneling x7  
  143  12:01  Ultralisk  
  131  12:43  Ultralisk x2  
  131  12:44  Zergling x24  
  144  12:45  Zergling x12  
  144  12:48  Burrow  
  161  12:58  Zergling x10  
  166  13:05  Drone  
  161  13:06  Drone x2  
  160  13:32  Baneling x8  
  160  13:33  Baneling x10  
  160  13:34  Zergling x14  
  160  13:35  Zergling x18  
  155  14:07  Zergling x6  
  155  14:08  Zergling x18  
Tags
 
Composition
MMM Bio
Matchup
TvZ
Replay Pack
Multi
Spawn Locations
Close Positions
Add a new tag
Caveats
  • Supply blocks, unpowered buildings, or Contaminate may cause inaccurate times.
  • Supply counts are checked every 10 seconds.